Map: Romanticide LE

Players

Krystianer

  • Race: Protoss Protoss
  • League: Grandmaster
  • Spawn Location: 5:00

Rail - Winner!

  • Race: Protoss Protoss
  • Spawn Location: 11:00

Event: DreamHack SC2 Masters 2020 Winter

VOD

Have the link to the VOD?

Description

Time

  • Played on: Oct. 16, 2020, 1:11 p.m.
  • Length: 17:33

All games in this series

Show
View Real Time Build Order
Export as new Build Order

Krystianer Protoss 

Build Orders: Oracle Opening 

Get SALT Encoding   

  12  0:00  Probe  
  13  0:12  Probe  
  14  0:16  Pylon  
  14  0:24  Probe (Chrono Boost)  
  16  0:36  Probe (Chrono Boost)  
  16  0:38  Gateway  
  16  0:42  Probe (Chrono Boost)  
  16  0:45  Assimilator  
  17  0:51  Probe  
  17  0:54  Assimilator  
  18  1:03  Probe (Chrono Boost)  
  19  1:07  Gateway  
  19  1:14  Probe (Chrono Boost)  
  20  1:18  Probe (Chrono Boost)  
  20  1:24  Cybernetics Core  
  21  1:29  Probe  
  22  1:37  Pylon  
  22  1:41  Probe  
  23  1:55  Probe  
  24  2:01  Stalker x2  
  24  2:02  Warp Gate  
  28  2:13  Pylon  
  28  2:32  Stargate  
  28  2:36  Probe  
  28  2:47  Nexus  
  28  2:55  Stalker  
  30  3:02  Stalker  
  32  3:12  Probe  
  33  3:15  Oracle (Chrono Boost)  
  36  3:23  Pylon  
  36  3:31  Probe  
  37  3:42  Oracle (Chrono Boost)  
  37  3:43  Shield Battery  
  40  3:54  Adept x2  
  44  3:59  Probe (Chrono Boost)  
  46  4:07  Probe (Chrono Boost)  
  45  4:12  Shield Battery  
  44  4:18  Stalker  
  44  4:21  Stalker  
  43  4:27  Probe  
  43  4:30  Probe  
  45  4:40  Probe (Chrono Boost)  
  45  4:43  Stalker  
  45  4:45  Stalker  
  50  4:47  Probe (Chrono Boost)  
  52  4:56  Probe (Chrono Boost)  
  52  4:57  Probe (Chrono Boost)  
  53  5:02  Probe (Chrono Boost)  
  53  5:03  Probe  
  55  5:08  Stalker x2  
  60  5:15  Probe  
  60  5:16  Twilight Council, Probe  
  61  5:27  Forge  
  62  5:29  Assimilator  
  62  5:31  Pylon  
  62  5:33  Probe  
  62  5:44  Probe (Chrono Boost)  
  62  5:47  Blink (Chrono Boost)  
  60  5:53  Probe (Chrono Boost)  
  60  5:56  Probe (Chrono Boost)  
  61  5:59  Protoss Ground Weapons Level 1 (Chrono Boost)  
  61  6:01  Gateway x2  
  61  6:16  Pylon, Nexus  
  61  6:17  Sentry  
  63  6:23  Stalker  
  65  6:31  Gateway  
  65  6:32  Gateway  
  65  6:41  Shield Battery  
  65  6:42  Stalker  
  65  6:45  Probe  
  65  6:49  Stalker  
  67  6:55  Stalker  
  69  7:01  Gateway  
  69  7:02  Shield Battery, Sentry  
  71  7:10  Pylon  
  71  7:14  Stalker, Sentry  
  75  7:18  Pylon  
  75  7:23  Stalker  
  75  7:25  Probe  
  75  7:27  Stalker, Probe  
  75  7:28  Stalker  
  83  7:34  Stalker  
  83  7:35  Probe  
  86  7:40  Adept x2  
  86  7:43  Probe  
  91  7:45  Probe  
  92  7:53  Probe  
  92  7:55  Probe  
  94  8:00  Charge (Chrono Boost)  
  94  8:02  Protoss Ground Weapons Level 2 (Chrono Boost)  
  93  8:08  Probe x2  
  93  8:09  Assimilator  
  95  8:18  Zealot x4  
  103  8:22  Pylon, Probe  
  103  8:25  Probe  
  105  8:39  Probe x2  
  103  8:43  Photon Cannon  
  103  8:45  Gateway  
  103  8:47  Robotics Facility  
  103  8:50  Zealot x5  
  113  8:56  Probe x2  
  113  9:00  Pylon  
  113  9:02  Zealot  
  117  9:08  Pylon  
  117  9:20  Assimilator  
  117  9:23  Nexus  
  117  9:25  Pylon  
  117  9:31  Warp Prism (Chrono Boost)  
  117  9:33  Templar Archives  
  117  9:37  Dark Shrine  
  119  9:39  Zealot x4  
  127  9:51  Zealot  
  127  9:52  Zealot x3  
  135  9:56  Pylon  
  135  9:57  Pylon  
  128  10:16  Zealot x8  
  132  10:23  Probe  
  125  10:29  Robotics Facility  
  125  10:30  Robotics Bay  
  97  10:44  Zealot x2  
  97  10:45  Zealot x3  
  97  10:47  Probe  
  100  10:56  Dark Templar x2  
  102  10:59  Probe  
  102  11:01  Protoss Ground Weapons Level 3 (Chrono Boost), Observer (Chrono Boost)  
  102  11:05  Probe  
  102  11:09  Robotics Bay  
  103  11:15  Zealot  
  103  11:16  Zealot x5  
  115  11:23  Observer (Chrono Boost)  
  112  11:27  Probe  
  112  11:28  Disruptor (Chrono Boost), Probe  
  112  11:31  Gravitic Boosters  
  117  11:36  Dark Templar x4  
  125  11:41  Disruptor (Chrono Boost)  
  125  11:45  Photon Cannon  
  128  11:52  Disruptor (Chrono Boost)  
  127  12:01  Stalker x3  
  136  12:04  Disruptor (Chrono Boost)  
  130  12:19  Probe  
  130  12:21  Disruptor  
  115  12:27  Zealot  
  115  12:28  Zealot x7  
  120  12:39  Observer  
  107  12:49  Zealot  
  107  12:50  Zealot x5  
  112  12:55  Zealot  
  112  12:56  Zealot  
  112  12:57  Disruptor (Chrono Boost)  
  105  12:59  Disruptor (Chrono Boost)  
  97  13:11  Zealot  
  97  13:12  Zealot x5  
  102  13:18  Probe  
  92  13:22  Dark Templar x2  
  96  13:28  Archon  
  96  13:29  Disruptor (Chrono Boost)  
  91  13:40  Dark Templar x2  
  91  13:41  Dark Templar x2  
  95  13:56  Nexus  
  95  13:58  Pylon  
  95  14:04  Stalker x2  
  95  14:05  Probe  
  95  14:07  Probe  
  94  14:27  Stalker  
  94  14:28  Stalker x4  
  94  14:29  Stalker x3  
  94  14:30  Disruptor  
  98  14:33  Disruptor  
  96  14:57  Zealot x2  
  96  14:59  Nexus, Probe  
  82  15:10  Zealot x3  
  82  15:11  Zealot  
  87  15:15  Probe  
  80  15:23  Zealot x2  
  78  15:31  Nexus  
  78  15:33  Dark Templar  
  80  15:39  Dark Templar x2  
  80  15:42  Disruptor (Chrono Boost)  
  84  15:47  Archon  
  87  15:51  Stalker  
  87  16:06  Dark Templar x2  
  87  16:10  Nexus  
  87  16:11  Archon  
  94  16:15  Disruptor (Chrono Boost)  
  92  16:19  Stalker  
  92  16:28  Pylon  
  91  16:35  Stalker x4  
  96  16:40  Warp Prism  
  97  16:52  Zealot  
  97  16:53  Zealot  
  94  16:56  Stalker  
  94  16:57  Zealot  
  81  17:01  Zealot x2  
  81  17:10  Zealot x2  
  63  17:24  Zealot x4  
Show
View Real Time Build Order
Export as new Build Order

Rail Protoss - Winner!

Build Orders:  

Get SALT Encoding   

  12  0:01  Probe  
  13  0:13  Probe  
  14  0:18  Pylon  
  14  0:25  Probe (Chrono Boost)  
  15  0:37  Probe (Chrono Boost)  
  15  0:38  Gateway  
  16  0:45  Probe (Chrono Boost)  
  16  0:47  Assimilator  
  17  0:51  Probe  
  18  1:03  Probe (Chrono Boost)  
  19  1:05  Assimilator  
  19  1:13  Gateway  
  19  1:15  Probe (Chrono Boost)  
  20  1:21  Probe (Chrono Boost)  
  21  1:26  Cybernetics Core  
  21  1:30  Probe  
  22  1:35  Pylon  
  22  1:42  Probe  
  23  1:54  Probe  
  23  2:01  Warp Gate (Chrono Boost)  
  24  2:02  Stalker x2  
  28  2:14  Pylon  
  28  2:32  Stalker x2  
  32  2:48  Nexus  
  32  3:03  Stalker x2  
  36  3:11  Shield Battery  
  36  3:18  Pylon  
  36  3:22  Probe  
  37  3:31  Twilight Council  
  37  3:41  Stalker  
  37  3:42  Stalker  
  37  3:44  Probe  
  42  3:55  Robotics Facility  
  42  4:04  Probe  
  42  4:09  Stalker x2  
  45  4:17  Probe  
  45  4:18  Probe  
  47  4:29  Probe  
  47  4:30  Probe  
  45  4:34  Stalker  
  45  4:35  Stalker  
  49  4:42  Probe x2 (Chrono Boost)  
  49  4:43  Blink (Chrono Boost)  
  51  4:54  Probe x2 (Chrono Boost)  
  51  4:56  Pylon  
  53  5:02  Probe (Chrono Boost)  
  53  5:05  Probe (Chrono Boost)  
  55  5:11  Probe  
  55  5:14  Shield Battery, Observer (Chrono Boost)  
  57  5:18  Probe  
  58  5:25  Assimilator  
  58  5:27  Stalker, Immortal (Chrono Boost)  
  58  5:28  Probe  
  61  5:31  Probe  
  66  5:37  Forge  
  64  5:45  Probe  
  64  5:50  Probe  
  64  5:53  Stalker  
  64  5:56  Stalker  
  69  5:58  Pylon  
  69  6:02  Gateway x2  
  69  6:06  Probe  
  69  6:09  Protoss Ground Weapons Level 1  
  70  6:15  Pylon  
  70  6:17  Warp Prism  
  72  6:20  Observer  
  72  6:25  Sentry x2  
  76  6:34  Nexus  
  76  6:42  Pylon  
  76  6:50  Stalker x2  
  80  6:55  Probe  
  80  6:57  Stalker x2  
  80  6:58  Pylon  
  85  7:05  Observer  
  85  7:06  Probe  
  87  7:11  Shield Battery  
  87  7:20  Stalker x2  
  87  7:21  Stalker x2  
  93  7:24  Probe  
  93  7:26  Probe  
  96  7:38  Probe (Chrono Boost), Immortal  
  96  7:41  Probe (Chrono Boost)  
  101  7:48  Probe (Chrono Boost)  
  101  7:50  Probe (Chrono Boost)  
  104  7:52  Probe (Chrono Boost)  
  104  7:54  Stalker  
  104  7:55  Stalker  
  104  7:58  Probe x2 (Chrono Boost)  
  111  7:59  Pylon  
  111  8:00  Probe (Chrono Boost)  
  111  8:05  Probe x2 (Chrono Boost)  
  112  8:09  Assimilator, Probe  
  112  8:11  Assimilator  
  114  8:13  Stalker  
  114  8:18  Assimilator  
  116  8:23  Photon Cannon  
  116  8:24  Stalker x3  
  119  8:42  Photon Cannon  
  119  8:46  Pylon  
  119  8:47  Protoss Ground Weapons Level 2 (Chrono Boost)  
  119  8:49  Robotics Bay  
  119  8:53  Photon Cannon  
  119  9:04  Probe x3  
  119  9:07  Robotics Facility  
  119  9:08  Observer  
  119  9:09  Gateway x2  
  123  9:15  Stalker  
  125  9:18  Pylon  
  125  9:30  Pylon  
  125  9:32  Pylon  
  125  9:35  Disruptor (Chrono Boost)  
  125  9:36  Probe x3, Gravitic Boosters  
  131  9:38  Charge  
  131  9:40  Stalker  
  131  9:44  Pylon  
  133  9:45  Nexus  
  133  9:50  Pylon  
  133  9:54  Sentry  
  133  9:55  Stalker, Disruptor (Chrono Boost)  
  140  10:04  Stalker  
  145  10:08  Probe  
  145  10:11  Disruptor (Chrono Boost)  
  146  10:14  Stalker x2  
  146  10:15  Probe  
  146  10:17  Photon Cannon  
  150  10:26  Stalker x3  
  156  10:28  Pylon  
  127  10:44  Stalker  
  127  10:45  Stalker x2  
  126  10:50  Stalker  
  126  10:51  Stalker x2, Disruptor  
  126  10:53  Observer  
  126  10:56  Probe  
  133  10:57  Probe  
  133  11:03  Disruptor (Chrono Boost)  
  137  11:09  Nexus  
  137  11:11  Stalker x2, Sentry  
  139  11:13  Pylon  
  139  11:16  Observer  
  143  11:22  Stalker x3  
  149  11:26  Pylon  
  149  11:27  Photon Cannon  
  152  11:33  Photon Cannon  
  152  11:35  Shield Battery  
  152  11:36  Disruptor (Chrono Boost), Observer (Chrono Boost)  
  153  11:42  Stalker  
  153  11:43  Stalker x2  
  153  11:45  Pylon  
  159  11:47  Stalker  
  159  11:52  Stalker  
  163  11:58  Photon Cannon  
  163  12:02  Stalker  
  163  12:05  Disruptor  
  163  12:07  Observer  
  169  12:12  Stalker, Zealot  
  167  12:24  Stalker  
  167  12:25  Zealot x2  
  167  12:28  Probe  
  174  12:32  Disruptor  
  174  12:34  Probe  
  146  12:53  Stalker x3, Observer  
  146  12:54  Stalker x3  
  139  13:08  Disruptor  
  130  13:19  Stalker x2  
  126  13:20  Stalker x4, Disruptor  
  126  13:23  Probe  
  126  13:24  Probe x3  
  139  13:38  Gateway  
  139  13:39  Probe  
  139  13:40  Gateway, Probe  
  141  13:47  Photon Cannon  
  141  13:48  Stalker x6  
  149  13:49  Photon Cannon  
  153  13:58  Observer  
  153  13:59  Photon Cannon  
  153  14:02  Photon Cannon  
  154  14:03  Protoss Ground Weapons Level 3  
  154  14:09  Photon Cannon  
  154  14:12  Stalker x4  
  154  14:16  Stalker  
  164  14:31  Stalker  
  152  14:42  Photon Cannon  
  152  14:44  Probe x3  
  156  14:45  Probe  
  156  14:58  Probe  
  156  14:59  Disruptor  
  119  15:03  Stalker, Zealot x2  
  119  15:04  Zealot x5  
  119  15:05  Probe  
  119  15:07  Probe  
  131  15:10  Disruptor  
  118  15:26  Stalker x3, Sentry  
  118  15:27  Stalker x2  
  131  15:34  Stalker  
  130  15:40  Assimilator  
  130  15:41  Sentry  
  130  15:42  Disruptor  
  132  15:43  Observer  
  132  15:45  Assimilator  
  135  15:53  Stalker, Photon Cannon  
  135  15:55  Disruptor  
  140  15:57  Zealot  
  142  16:11  Stalker x3  
  146  16:18  Disruptor  
  148  16:21  Stalker x2  
  155  16:30  Disruptor  
  158  16:33  Stalker, Zealot x2  
  160  16:44  Stalker x3  
  166  16:53  Disruptor  
  132  17:10  Stalker x7  
  136  17:26  Sentry  
Tags
 
Add a new tag
Caveats
  • Supply blocks, unpowered buildings, or Contaminate may cause inaccurate times.
  • Supply counts are checked every 10 seconds.